 Dungeon Crawl Stone Soup version 0.30.0-7-g0c4daa9e05 (webtiles) character file.

Game seed: 1567869194449097114

116 Atelerd the Digger (level 5, 0/31 HPs)
             Began as an Octopode Earth Elementalist on May 13, 2023.
             Succumbed to an adder's poison
             ... on level 2 of the Dungeon.
             The game lasted 00:01:44 (1542 turns).

Atelerd the Digger (Octopode Earth Elementalist)    Turns: 1542, Time: 00:01:45

Health: 0/31       AC:  1    Str:  8    XL:     5   Next: 1%
Magic:  5/9        EV: 13    Int: 19    God:
Gold:   44         SH:  0    Dex: 12    Spells: 8/9 levels left

rFire   . . .        j - +3 spear (heavy)
rCold   . . .        (no shield)
rNeg    . . .        (helmet restricted)
rPois   .            (no amulet)
rElec   .            (no ring)
rCorr   .            (no ring)
SInv    .            (no ring)
Will    .....        (no ring)
Stlth   +++          (no ring)
HPRegen 0.25/turn    (no ring)
MPRegen 0.11/turn    (no ring)
                     (no ring)

%: no passive effects
@: lethally poisoned (0 -> -6), attractive
A: almost no armour, amphibious, 8 rings, camouflage 1, gelatinous body 1,
(nimble swimmer 1), tentacles
a: no special abilities


You were on level 2 of the Dungeon.
You visited 1 branch of the dungeon, and saw 2 of its levels.

You collected 73 gold pieces.
You spent 29 gold pieces at shops.

Inventory:

Hand Weapons
 b - a +0 short sword
 d - a +2 heavy hand axe
 i - a +0 dagger
 j - a +3 heavy spear (weapon)
Scrolls
 c - a scroll of amnesia {unknown}
 e - a scroll of brand weapon {unknown}
 g - 2 scrolls of identify {unknown}
Potions
 a - a potion of magic
 h - a potion of resistance


   Skills:
 - Level 2.0 Dodging
 + Level 3.3 Stealth
 + Level 2.9 Spellcasting
 * Level 2.1 Transmutations
 * Level 4.2 Earth Magic


You had 8 spell levels left.
You knew the following spells:

 Your Spells              Type           Power      Damage    Failure   Level
a - Sandblast             Erth           36%        2d10      2%          1

Your spell library contained the following spells:

 Spells                   Type           Power      Damage    Failure   Level
 Passwall                 Tmut/Erth      11%        N/A       6%          2
 Stone Arrow              Conj/Erth      20%        3d8       19%         3
 Scorch                   Fire           4%         2d5       24%         2
 Petrify                  Tmut/Erth      14%        N/A       38%         4
 Flame Wave               Conj/Fire      2%         2d4       83%         4
 Summon Cactus Giant      Summ           1%         N/A       100%        6


Dungeon Overview and Level Annotations

Branches:
Dungeon (2/15)

Altars:

Shops:
D:1 *


Innate Abilities, Weirdness & Mutations

You cannot wear most types of armour.
You are amphibious.
You can wear up to eight rings at the same time.
Your skin changes colour to match your surroundings (Stealth+).
Your rubbery body absorbs attacks. (AC +1, EV +1)
((You are camouflaged when in or above water. (Stealth+)))
You have tentacles for arms and can constrict up to eight enemies at once.


Message History

You reach to attack!
You closely miss the adder. The adder barely misses you.
The blast of sand hits the adder.
The adder is lightly wounded.
The adder completely misses you. The goblin hits you with a +0 club.
The adder barely misses you.
You hit the adder. You grab the adder.
The adder is heavily wounded.
You constrict the adder, but do no damage.
The adder bites you.
You are poisoned.
The adder poisons you! The goblin hits you with a +0 club. The adder bites you.
The goblin closely misses you.
Casting: Sandblast (safe; 2% risk of failure)
Confirm with . or Enter, or press ? or * to list all spells.
Aiming: Sandblast (safe; 2% risk of failure)
Press: ? - help, Shift-Dir - straight line, f/p - adder
Aim: an adder (heavily wounded, constricted by you, 94% to hit)
The blast of sand hits the adder.
The adder is severely wounded.
You constrict the adder.
You feel sick. The adder bites you.
You are more poisoned.
The adder poisons you! The adder bites you. The goblin hits you with a +0 club.
* * * LOW HITPOINT WARNING * * *
Casting: Sandblast (safe; 2% risk of failure)
Confirm with . or Enter, or press ? or * to list all spells.
Aiming: Sandblast (safe; 2% risk of failure)
Press: ? - help, Shift-Dir - straight line, f/p - adder
Aim: an adder (almost dead, constricted by you, 94% to hit)
The blast of sand hits the adder!
You kill the adder!
* * * LOW HITPOINT WARNING * * *
You feel very sick. The goblin hits you with a +0 club.
* * * LOW HITPOINT WARNING * * *
The goblin hits you but does no damage.
You have reached level 5!
You feel stronger.
It was a potion of attraction.
You feel attractive to monsters.
You die...

...########
#..........
#...........
##...........
##!...........
#.............
#.g.......(.
#..@........
#...††......
#...........
#...........
#...........
.S
#†##########
#g #.# #g #.#
#g ..##.# #


You could see a goblin.

Vanquished Creatures
  Natasha (twice) (D:2)
  Robin (D:2)
  2 adders (D:2)
  2 dart slugs (D:2)
  6 endoplasms
  9 goblins
  3 hobgoblins (D:2)
  A quokka (D:2)
  2 ball pythons (D:2)
  A bat (D:1)
  A frilled lizard (D:1)
  3 kobolds
  A rat (D:1)
34 creatures vanquished.

Notes
Turn   | Place    | Note
-------+----------+-------------------------------------------
     0 | D:1      | Atelerd the Octopode Earth Elementalist began the quest for
                  | the Orb.
     0 | D:1      | Reached XP level 1. HP: 11/11 MP: 3/3
   228 | D:1      | Reached XP level 2. HP: 17/17 MP: 3/5
   264 | D:1      | Found a faded altar of an unknown god.
   297 | D:1      | Found Doit Cio's Assorted Antiques.
   308 | D:1      | Bought a scroll labelled JEUDOFF OJINYB for 29 gold pieces
   754 | D:2      | Reached XP level 3. HP: 14/21 MP: 1/6
   877 | D:2      | Noticed Robin
  1270 | D:2      | Killed Robin
  1383 | D:2      | Noticed Natasha
  1386 | D:2      | Killed Natasha
  1387 | D:2      | Reached skill level 4 in Earth Magic
  1387 | D:2      | Reached XP level 4. HP: 27/27 MP: 5/8
  1441 | D:2      | Noticed Natasha
  1447 | D:2      | Killed Natasha
  1541 | D:2      | HP: 1/27 [goblin/+0 club[Robin] (2)]
  1542 | D:2      | Reached XP level 5. HP: 1/31 MP: 5/9
  1542 | D:2      | Succumbed to an adder's poison

Illustrated notes

Levels and vault maps discovered:
D:1:      ldierk_walled_garden_2, layout_rooms,
          shapermc_ecumenical_altar_mp_urbaneastern, serial_shops, shop,
          corexii_corridor_pit, kennysheep_decorative_pillar
D:2:      layout_basic, chequers_serial_rivers_micro_e, grunt_ministairs_7,
          uniq_robin, uniq_natasha

Skill      XL: |  1  2  3  4 |
---------------+-------------+-----
Stealth        | 3 |  3.3
Earth Magic    | 4 |  4.2
Transmutations | 2 |  2.1
Dodging        | |  2.0
Spellcasting   | |  2.9

Action                     |  1- 3 |  4- 6 || total
---------------------------+-------+-------++-------
  Melee: Short sword       |     2 |       ||     2
         Unarmed           |     1 |       ||     1
         Tentacles         |     1 |       ||     1
         Hand axe          |     8 |       ||     8
         Constrict         |     1 |     2 ||     3
         Spear             |       |     4 ||     4
   Cast: Sandblast         |    31 |     6 ||    37
    Use: Potion            |       |     1 ||     1
   Stab: Sleeping          |     4 |       ||     4
 Armour: Skin              |     1 |     1 ||     2
  Dodge: Dodged            |    19 |     4 ||    23
